Map: Ulrena

Players

Brad

  • Race: Protoss Protoss
  • League: Silver

Grumm - Winner!

  • Race: Protoss Protoss
  • League: Gold

VOD

Have the link to the VOD?

Description

Time

  • Played on: Feb. 13, 2016, 1:39 a.m.
  • Length: 5:45
Show
View Real Time Build Order
Export as new Build Order

Brad Protoss 

Build Orders: 1 Gate Expand, Double Forge 

Get SALT Encoding   

  12  0:01  Probe (Chrono Boost)  
  13  0:11  Probe (Chrono Boost)  
  14  0:20  Pylon  
  14  0:25  Probe (Chrono Boost)  
  15  0:38  Probe (Chrono Boost)  
  15  0:39  Gateway  
  16  0:54  Probe (Chrono Boost)  
  17  1:04  Probe (Chrono Boost)  
  18  1:15  Probe (Chrono Boost)  
  19  1:22  Nexus  
  19  1:28  Probe (Chrono Boost)  
  20  1:37  Cybernetics Core  
  20  1:46  Zealot  
  22  1:50  Assimilator  
  22  1:55  Pylon  
  22  2:04  Pylon, Probe (Chrono Boost)  
  23  2:10  Assimilator  
  23  2:14  Zealot  
  23  2:15  Probe (Chrono Boost)  
  26  2:31  Forge  
  26  2:36  Probe (Chrono Boost)  
  25  2:45  Stalker  
  25  2:46  Probe (Chrono Boost)  
  28  2:57  Probe (Chrono Boost)  
  29  3:03  Forge  
  27  3:08  Probe (Chrono Boost)  
  27  3:12  Pylon  
  28  3:15  Cybernetics Core  
  28  3:18  Probe (Chrono Boost)  
  31  3:29  Probe (Chrono Boost)  
  31  3:31  Pylon  
  31  3:32  Stalker  
  32  3:40  Pylon  
  32  3:43  Pylon  
  32  3:44  Pylon  
  32  3:51  Photon Cannon  
  16  4:26  Probe (Chrono Boost)  
  16  4:28  Probe (Chrono Boost)  
  18  4:35  Stalker  
  18  4:37  Probe (Chrono Boost)  
  18  4:38  Probe  
  22  4:48  Probe  
  22  4:49  Probe  
  24  4:59  Probe  
  24  5:01  Probe  
  26  5:09  Stalker, Probe  
Show
View Real Time Build Order
Export as new Build Order

Grumm Protoss - Winner!

Build Orders: Oracle Opening 

Get SALT Encoding   

  12  0:01  Probe (Chrono Boost)  
  13  0:14  Pylon  
  13  0:17  Probe (Chrono Boost)  
  14  0:33  Gateway  
  14  0:35  Probe (Chrono Boost)  
  15  0:42  Assimilator  
  15  0:45  Probe (Chrono Boost)  
  16  0:59  Gateway  
  16  1:00  Probe (Chrono Boost)  
  17  1:11  Probe (Chrono Boost)  
  18  1:13  Pylon  
  18  1:20  Zealot (Chrono Boost)  
  20  1:32  Cybernetics Core  
  24  1:47  Zealot (Chrono Boost)  
  24  1:48  Probe  
  24  1:50  Zealot (Chrono Boost)  
  25  2:02  Assimilator  
  25  2:09  Stargate  
  25  2:14  Adept (Chrono Boost)  
  27  2:47  Probe  
  28  2:59  Nexus  
  28  3:13  Oracle  
  28  3:18  Pylon  
  29  3:46  Stalker (Chrono Boost)  
  33  3:50  Robotics Facility  
  33  3:51  Stalker (Chrono Boost)  
  33  3:52  Pylon, Probe  
  32  4:04  Probe  
  31  4:11  Void Ray  
  35  4:17  Probe  
  34  4:35  Adept  
  34  4:36  Adept  
Tags
 
Add a new tag
Caveats
  • Supply blocks, unpowered buildings, or Contaminate may cause inaccurate times.
  • Supply counts are checked every 10 seconds.